 Dungeon Crawl Stone Soup version 0.30.0-5-g1a98f26d00 (webtiles) character file.

Game seed: 846320778300878403

110 Irreverend the Firebug (level 4, -1/24 HPs)
             Began as a Tengu Fire Elementalist on May 9, 2023.
             Slain by Crazy Yiuf
             ... wielding a +3 quarterstaff of chaos
              (7 damage)
             ... on level 3 of the Dungeon.
             The game lasted 00:06:04 (3468 turns).

Irreverend the Firebug (Tengu Fire Elementalist)    Turns: 3468, Time: 00:06:05

Health: -1/24      AC:  2    Str:  8    XL:     4   Next: 91%
Magic:  8/8        EV: 12    Int: 17    God:
Gold:   94         SH:  0    Dex: 15    Spells: 4/7 levels left

rFire   + . .        (no weapon)
rCold   . . .        (no shield)
rNeg    . . .        a - +0 robe
rPois   .            (helmet restricted)
rElec   .            (no cloak)
rCorr   .            (no gloves)
SInv    .            (boots unavailable)
Will    .....        (no amulet)
Stlth   ++           i - ring of protection from fire
HPRegen 0.24/turn    (no ring)
MPRegen 0.11/turn

%: no passive effects
@: no status effects
A: beak, talons 3
a: no special abilities


You were on level 3 of the Dungeon.
You visited 1 branch of the dungeon, and saw 3 of its levels.

You collected 94 gold pieces.

Inventory:

Armour
 a - a +0 robe (worn)
Jewellery
 i - a ring of protection from fire (left hand)
 o - a ring of resist corrosion
 s - a ring of wizardry
Scrolls
 c - 2 scrolls of magic mapping {unknown}
 d - 2 scrolls of poison {unknown}
 g - 3 scrolls of identify {unknown}
 j - a scroll of teleportation {unknown}
 k - 2 scrolls of enchant armour {unknown}
 n - a scroll of blinking {unknown}
Potions
 b - a potion of magic
 e - a potion of lignification {unknown}
 f - 6 potions of brilliance {unknown}
 h - a potion of might {unknown}
 l - a potion of ambrosia {unknown}
 m - a potion of curing {unknown}
 p - a potion of heal wounds {unknown}
 r - a potion of attraction {unknown}
Miscellaneous
 q - a box of beasts


   Skills:
 - Level 2.1 Dodging
 - Level 2.0 Stealth
 - Level 2.0 Spellcasting
 + Level 4.3 Conjurations
 + Level 4.8 Fire Magic


You had 4 spell levels left.
You knew the following spells:

 Your Spells              Type           Power      Damage    Failure   Level
a - Foxfire               Conj/Fire      68%        2x1d7     3%          1
b - Scorch                Fire           36%        2d6       4%          2

Your spell library contained the following spells:

 Spells                   Type           Power      Damage    Failure   Level
 Inner Flame              Hex/Fire       9%         N/A       22%         3
 Volatile Blastmotes      Fire/Tloc      18%        2d11      22%         3
 Lesser Beckoning         Tloc           2%         N/A       28%         2
 Flame Wave               Conj/Fire      17%        2d7       28%         4
 Gell's Gravitas          Tloc           1%         N/A       50%         3
 Teleport Other           Tloc           1%         N/A       50%         3


Dungeon Overview and Level Annotations

Branches:
Dungeon (3/15)

Altars:
Zin

Annotations:
D:3 Crazy Yiuf


Innate Abilities, Weirdness & Mutations

You have a beak for a mouth.
You have claws for feet.


Message History

You open the door.
There is an open door here.
You open the door.
There is an open door here.
You open the door.
Found a stone staircase leading down.
There is an open door here.
You open the door.
Found 3 stones.
There is an open door here.
You see here a +0 helmet.
There is an open door here.
g - 3 scrolls labelled BAZOKLUSOL (gained 1)
You open the door.
There is an open door here.
You open the door.
There is an open door here.
You see here a +0 hammer.
You see here a +0 hammer.
You see here a +0 hammer.
You see here a +0 hammer.
Crazy Yiuf shouts!
Could not explore, unopened runed door.
Could not explore, unopened runed door.
Could not explore, unopened runed door.
You open the door.
Crazy Yiuf yells, "Gnoll!
Cake forty-two Orb Guardian."
Crazy Yiuf attacks as you move away! Crazy Yiuf barely misses you.
Crazy Yiuf attacks as you move away!
Crazy Yiuf hits you with a +3 quarterstaff of chaos!
Crazy Yiuf whimpers, "Pitchfork!"
Crazy Yiuf attacks as you move away!
Crazy Yiuf hits you with a +3 quarterstaff of chaos!
Crazy Yiuf freezes you.
* * * LOW HITPOINT WARNING * * *
Crazy Yiuf screams, "Peeping!
Ghoul green hand."
You see here a +0 hammer.
Crazy Yiuf attacks as you move away!
Crazy Yiuf hits you with a +3 quarterstaff of chaos!
You die...

#'##..# #.#......# #......# #...
......# #)#......## #......# #...
......# #.#.......###......# #...
......###.'........##......# #...
####.....##...).)#.##......###...
####.....#####))))###......##....
.........# ##))## ###..........
.........## ♣))))♣ #.#..........
..........# ♣♣)@.♣ #.#..........
..........# ♣♣g♣♣ #...##.....##
.#+#......# ♣♣.♣ ##..##.....##
.#.#.#....# ♣.♣♣ #..##.......
'#.#......# ♣♣.♣ #...........
...#.#.#### ♣.♣♣ ##.########.
...#......# #'# #.##.......
...#.###### ... #..#.#.....
...#.#....# #...# ####..#....


You could see Crazy Yiuf.

Vanquished Creatures
  2 adders (D:3)
  A worm (D:2)
  3 dart slugs
  2 orcs (D:3)
  2 ball pythons (D:3)
  6 endoplasms
  3 giant cockroaches
  6 goblins
  4 hobgoblins
  15 jackals
  6 quokkas
  11 bats
  A frilled lizard (D:2)
  7 kobolds
  4 rats
73 creatures vanquished.

Vanquished Creatures (others)
  175 foxfires
175 creatures vanquished.

Grand Total: 248 creatures vanquished

Notes
Turn   | Place    | Note
-------+----------+-------------------------------------------
     0 | D:1      | Irreverend the Tengu Fire Elementalist began the quest for
                  | the Orb.
     0 | D:1      | Reached XP level 1. HP: 10/10 MP: 4/4
   176 | D:1      | Reached XP level 2. HP: 15/15 MP: 3/6
   179 | D:1      | Learned a level 2 spell: Scorch
   746 | D:1      | Reached XP level 3. HP: 19/19 MP: 3/7
  1624 | D:2      | Identified the +3 leather armour of Caqual {rF- rCorr Dex+4
                  | SInv}
  1891 | D:2      | Reached XP level 4. HP: 24/24 MP: 4/8
  2585 | D:3      | Found a runed translucent door.
  2586 | D:3      | Noticed Crazy Yiuf
  2892 | D:3      | Found a glowing silver altar of Zin.
  3468 | D:3      | Slain by Crazy Yiuf

Illustrated notes

Levels and vault maps discovered:
D:1:      dpeg_arrival_chambers_temple_mockup, layout_rooms
D:2:      layout_loops_cross
D:3:      layout_basic, zin_statuary, hangedman_decor_opposing,
          dk_noncrumbling_4, uniq_crazy_yiuf_cottage

Skill      XL: |  1  2  3  4 |
---------------+-------------+-----
Conjurations   | 2 3 4 |  4.3
Fire Magic     | 4 |  4.8
Dodging        | |  2.1
Stealth        | |  2.0
Spellcasting   | |  2.0

Action                     |  1- 3 |  4- 6 || total
---------------------------+-------+-------++-------
   Cast: Foxfire           |    68 |    41 ||   109
         Scorch            |     6 |    10 ||    16
 Armour: Robe              |    11 |     1 ||    12
  Dodge: Dodged            |    28 |     5 ||    33
